 Dungeon Crawl Stone Soup version 0.27.1-15-g792fb953b9 (webtiles) character file.

Game seed: 11653567909865585627

263 spaced the Covered (level 6, -1/44 HPs)
             Began as a Human Wanderer on Nov 20, 2021.
             Was a Priest of Cheibriados.
             Slain by a goblin (4 damage)
             ... on level 3 of the Dungeon.
             The game lasted 00:24:24 (3438 turns).

spaced the Covered (Human Wanderer)                 Turns: 3438, Time: 00:24:24

Health: -1/44      AC:  2    Str: 25    XL:     6   Next: 42%
Magic:  1/11       EV: 12    Int: 21    God:    Cheibriados [***...]
Gold:   84         SH:  0    Dex: 17    Spells: 7/11 levels left

rFire    . . .     SeeInvis .   k - +2 mace (holy)
rCold    . . .     Faith    .   (no shield)
rNeg     . . .     Spirit   .   b - +0 robe
rPois    .         Reflect  .   (no helmet)
rElec    .         Harm     .   (no cloak)
rCorr    +         Rampage  .   (no gloves)
Will     .....                  (no boots)
Stlth    ++........             (no amulet)
HPRegen  0.14/turn              j - ring of resist corrosion
MPRegen  0.12/turn              m - +6 ring of strength

@: mighty, very slow
A: no striking features
a: Renounce Religion, Bend Time, Temporal Distortion


You were on level 3 of the Dungeon.
You worshipped Cheibriados.
Cheibriados was most pleased with you.
You visited 1 branch of the dungeon, and saw 3 of its levels.

You collected 84 gold pieces.

Inventory:

Hand Weapons
 a - a +0 club
 e - a +0 short sword
 k - a +2 mace of holy wrath (weapon)
 l - a +1 dagger of draining
Missiles
 h - 73 stones
 p - 14 poisoned darts (quivered)
Armour
 b - a +0 robe (worn)
Jewellery
 j - a ring of resist corrosion (left hand)
 m - a +6 ring of strength (right hand)
Scrolls
 c - a scroll of immolation
 d - a scroll of noise
 i - a scroll of enchant armour {unknown}
 n - a scroll of fear {unknown}
 o - a scroll of teleportation {unknown}


   Skills:
 + Level 1.7 Fighting
 + Level 2.8 Maces & Flails
 + Level 3.4 Armour
 + Level 1.0 Dodging
 + Level 1.6 Stealth
 + Level 3.3 Spellcasting
 + Level 1.9 Transmutations
 + Level 1.7 Ice Magic
 * Level 1.1 Earth Magic
 + Level 1.0 Evocations


You had 7 spell levels left.
You knew the following spells:

 Your Spells              Type           Power      Damage    Failure   Level
a - Sandblast             Erth           16%        2d6       9%          1
b - Freeze                Ice            40%        1d6       6%          1
c - Passwall              Tmut/Erth      7%         N/A       11%         2

Your spell library contained the following spells:

 Spells                   Type           Power      Damage    Failure   Level
 Frozen Ramparts          Ice            20%        1d4       19%         3
 Stone Arrow              Conj/Erth      10%        3d7       30%         3
 Petrify                  Tmut/Erth      9%         N/A       56%         4


Dungeon Overview and Level Annotations

Branches:
Dungeon (3/15)

Altars:
Cheibriados

Annotations:
D:3 Robin


Message History

The hobgoblin no longer looks unusually strong.
Robin's horned helmet rattles.
Robin roars a battlecry!
The goblins go into a battle-frenzy!
Casting: Sandblast (safe; 9% risk of failure)
Confirm with . or Enter, or press ? or * to list all spells.
Aiming: Sandblast (safe; 9% risk of failure)
Press: ? - help, Shift-Dir - straight line, f - goblin
Aim: a goblin, wielding a +0 club (strong, 72% to hit)
The blast of sand hits the hobgoblin!
You kill the hobgoblin!
Cheibriados appreciates the change of pace.
h - 74 stones Robin roars a battlecry!
The goblin no longer looks unusually strong.
Robin throws the goblin at you! The goblin barely misses you.
Casting: Sandblast (safe; 9% risk of failure)
Confirm with . or Enter, or press ? or * to list all spells.
Aiming: Freeze (safe; 6% risk of failure)
Press: ? - help, Shift-Dir - straight line, f - goblin, p - goblin
Aim: a goblin, wielding a +0 dagger and quivering stones (strong)
You freeze the goblin.
You kill the goblin!
Cheibriados appreciates the change of pace.
The goblin no longer looks unusually strong.
The goblin hits you with a +0 club.
* * * LOW HITPOINT WARNING * * *
Robin throws the goblin at you!
Casting: Freeze (safe; 6% risk of failure)
Confirm with . or Enter, or press ? or * to list all spells.
Aiming: Sandblast (safe; 9% risk of failure)
Press: ? - help, Shift-Dir - straight line, f - goblin
Aim: a goblin, wielding a +0 dagger (72% to hit)
The blast of sand misses the goblin.
The blast of sand hits the kobold.
You kill the kobold!
Cheibriados appreciates the change of pace.
h - 73 stones The goblin no longer looks unusually strong.
The goblin barely misses you. The goblin hits you with a +0 club.
You die...

........# #.#
#########
#.#####
#.....#
#####.# #.#
#.# #.# #g# #
#@# . #g# #
##. #g# #....
# #.# .#
###.#g#######
#....gS......
#.##gg#######
#... .#.#.


You could see Robin, an adder, a hobgoblin (strong) and 5 goblins.

Vanquished Creatures
  A necrophage (D:3)
  A hound (D:3)
  Natasha (twice) (D:2)
  2 adders (D:2)
  11 ball pythons
  7 bats
  8 endoplasms
  3 giant cockroaches
  14 goblins
  5 hobgoblins
  8 jackals
  5 kobolds
  2 quokkas
  2 frilled lizards
  6 rats
77 creatures vanquished.

Notes
Turn   | Place    | Note
-------+----------+-------------------------------------------
     0 | D:1      | spaced the Human Wanderer began the quest for the Orb.
     0 | D:1      | spaced set off with the following items: a +0 club, a +0
                  | robe, a potion of curing; and the following spells
                  | available to memorise: Freeze, Sandblast, Passwall, Frozen
                  | Ramparts, Stone Arrow, Petrify
     0 | D:1      | Reached XP level 1. HP: 15/15 MP: 3/3
     2 | D:1      | Learned a level 1 spell: Sandblast
     4 | D:1      | Learned a level 1 spell: Freeze
   326 | D:1      | Reached XP level 2. HP: 13/21 MP: 1/5
   819 | D:1      | Found a faded altar of an unknown god.
   836 | D:1      | Reached XP level 3. HP: 20/26 MP: 2/6
   921 | D:1      | Became a worshipper of Cheibriados the Contemplative
   921 | D:1      | Reached * piety under Cheibriados
  1041 | D:1      | Learned a level 2 spell: Passwall
  1438 | D:2      | Reached skill level 1 in Ice Magic
  1524 | D:2      | Reached ** piety under Cheibriados
  1669 | D:2      | Reached XP level 4. HP: 32/32 MP: 5/7
  2050 | D:2      | Noticed Natasha
  2063 | D:2      | Killed Natasha
  2521 | D:2      | Reached XP level 5. HP: 37/37 MP: 7/9
  2743 | D:2      | Noticed Natasha
  2754 | D:2      | Killed Natasha
  2907 | D:3      | Noticed a necrophage
  2917 | D:3      | Killed a necrophage
  2918 | D:3      | Reached skill level 1 in Dodging
  2918 | D:3      | Reached skill level 1 in Earth Magic
  2918 | D:3      | Reached XP level 6. HP: 35/43 MP: 8/10
  3375 | D:3      | Reached *** piety under Cheibriados
  3414 | D:3      | Noticed Robin
  3438 | D:3      | Slain by a goblin

Illustrated notes

Levels and vault maps discovered:
D:1:      ncdulo_watergridlock, layout_rooms, serial_glass, glass_columns_a,
          glass_columns_b, basic_ecumenical_altar
D:2:      layout_basic, serial_glass, glass_columns_b, glass_columns_a,
          glass_columns_b, glass_columns_a, uniq_natasha
D:3:      layout_loops_ring, overflow_temple_1_default, hex_medium,
          corexii_corridor_pit, minmay_misc_feat_room, uniq_robin

Skill      XL: |  1  2  3  4  5 |
---------------+----------------+-----
Ice Magic      | 1 |  1.7
Spellcasting   | 3 |  3.3
Maces & Flails | 2 |  2.8
Dodging        | 1 |  1.0
Earth Magic    | 1 |  1.1
Fighting       | |  1.7
Armour         | |  3.4
Stealth        | |  1.6
Transmutations | |  1.9
Evocations     | |  1.0

Action                   |  1- 3 |  4- 6 || total
-------------------------+-------+-------++-------
Melee: Club              |    56 |       ||    56
       Mace              |     4 |    69 ||    73
 Cast: Freeze            |    34 |    21 ||    55
       Sandblast         |    14 |    23 ||    37
Invok: Bend Time         |       |     3 ||     3
  Use: Potion            |       |     4 ||     4
       Scroll            |       |     5 ||     5
 Stab: Sleeping          |     1 |     1 ||     2
Armor: Robe              |    26 |    20 ||    46
Dodge: Dodged            |    70 |    98 ||   168
